 Dungeon Crawl Stone Soup version 0.28.0-49-g6dfe1f597d (webtiles) character file.

Game seed: 8907414864263197851

4 Zeld the Insei (level 1, 0/13 HPs)
             Began as an Octopode Transmuter on May 14, 2022.
             Slain by a giant cockroach (1 damage)
             ... on level 1 of the Dungeon.
             The game lasted 00:00:32 (101 turns).

Zeld the Insei (Octopode Transmuter)                 Turns: 101, Time: 00:00:33

Health: 0/13       AC:  1    Str:  9    XL:     1   Next: 60%
Magic:  2/3        EV: 13    Int: 15    God:
Gold:   0          SH:  0    Dex: 12    Spells: 3/4 levels left

rFire   . . .      SeeInvis .     - Unarmed
rCold   . . .      Faith    .   (no shield)
rNeg    . . .      Spirit   .   (helmet currently unavailable)
rPois   .          Reflect  .   (no amulet)
rElec   .          Harm     .   (no ring)
rCorr   .          Rampage  .   (no ring)
Will    .....                   (no ring)
Stlth   ++........              (no ring)
HPRegen 0.04/turn               (no ring)
MPRegen 0.08/turn               (no ring)
                                (no ring)
                                (no ring)

@: appendages (expiring)
A: tentacle spike 3, almost no armour, amphibious, 8 rings, camouflage 1,
gelatinous body 1, (nimble swimmer 1), tentacles
a: End Transformation


You were on level 1 of the Dungeon.
One of your tentacles had grown a beastly spike.
You visited 1 branch of the dungeon, and saw 1 of its levels.

You aren't carrying anything.


   Skills:
 - Level 1.0 Fighting
 + Level 2.0 Dodging
 - Level 3.0 Unarmed Combat
 * Level 2.1 Spellcasting
 * Level 2.1 Transmutations


You had 3 spell levels left.
You knew the following spells:

 Your Spells              Type           Power      Damage    Failure   Level
a - Beastly Appendage     Tmut           16%        N/A       9%          1

Your spell library contained the following spells:

 Spells                   Type           Power      Damage    Failure   Level
 Wereblood                Tmut           8%         N/A       14%         2
 Spider Form              Tmut/Pois      4%         N/A       38%         3
 Ice Form                 Ice/Tmut       4%         N/A       80%         4


Dungeon Overview and Level Annotations

Branches:
Dungeon (1/15)

Altars:


Innate Abilities, Weirdness & Mutations

One of your tentacles has grown a beastly spike.
You cannot wear most types of armour.
You are amphibious.
You can wear up to eight rings at the same time.
Your skin changes colour to match your surroundings (Stealth+).
Your rubbery body absorbs attacks. (AC +1, EV +1)
((You are camouflaged when in or above water. (Stealth+)))
You have tentacles for arms and can constrict up to eight enemies at once.


Message History

The frilled lizard closely misses you.
The giant cockroach bites you but does no damage.
You see here a ball python corpse.
You closely miss the giant cockroach. Your grab misses the giant cockroach.
The giant cockroach bites you but does no damage.
The frilled lizard barely misses you.
You closely miss the giant cockroach. Your grab misses the giant cockroach.
You pierce the giant cockroach, but do no damage.
The giant cockroach bites you. The frilled lizard bites you.
You closely miss the giant cockroach. Your grab misses the giant cockroach.
Your tentacle spike misses the giant cockroach.
Your squeeze misses the giant cockroach.
The giant cockroach misses you.
The frilled lizard completely misses you.
You tentacle-slap the giant cockroach but do no damage.
You grab the giant cockroach.
Your squeeze misses the giant cockroach.
You constrict the giant cockroach, but do no damage.
The giant cockroach misses you. The frilled lizard bites you.
You miss the quokka. Your grab misses the quokka.
You constrict the giant cockroach, but do no damage.
The giant cockroach bites you. The frilled lizard barely misses you.
The quokka barely misses you. The giant cockroach bites you.
You are too injured to fight recklessly!
You are too injured to fight recklessly!
You barely miss the quokka. Your grab misses the quokka.
You pierce the quokka.
The quokka is severely wounded.
You constrict the giant cockroach. The quokka bites you.
* * * LOW HITPOINT WARNING * * *
The giant cockroach closely misses you.
The frilled lizard completely misses you.
Unknown command.
You tentacle-slap the frilled lizard. You grab the frilled lizard.
Your squeeze misses the frilled lizard.
The frilled lizard is heavily wounded.
You constrict the frilled lizard.
You kill the frilled lizard!
You constrict the giant cockroach, but do no damage.
The quokka closely misses you. The giant cockroach bites you.
You die...

....... #........
#######
#........###.....## ###
#........##.......##....
#........#......B.......
#........#......@.......
#........#.....r........
.........#.............♣
#........#.............♣
#.............(.........
####....................
####†...................
#.........>?..........P.
###...........>.......


You could see a quokka and a giant cockroach.

Vanquished Creatures
  2 bats (D:1)
  An endoplasm (D:1)
  A ball python (D:1)
  A frilled lizard (D:1)
5 creatures vanquished.

Notes
Turn   | Place    | Note
-------+----------+-------------------------------------------
     0 | D:1      | Zeld the Octopode Transmuter began the quest for the Orb.
     0 | D:1      | Reached XP level 1. HP: 13/13 MP: 3/3
   101 | D:1      | Slain by a giant cockroach

Illustrated notes

Levels and vault maps discovered:
D:1:      saegor_arrival_miasma, layout_rooms,
          shapermc_ecumenical_altar_mp_ritualfount, serial_bayou_pond_a

Action                   || total
-------------------------++-------
Melee: Unarmed           ||    15
       Kick              ||     3
       Constrict         ||     2
       Tentacles         ||     2
 Cast: Beastly Appendage ||     4
Armor: Skin              ||     3
Dodge: Dodged            ||    20
